 Dungeon Crawl Stone Soup version 0.18.1-8-gdd0e5ea (webtiles) character file.

60 juanjsm the Sneak (level 3, -2/16 HPs)
             Began as a Spriggan Enchanter on June 6, 2016.
             Slain by an adder (4 damage)
             ... on level 2 of the Dungeon.
             The game lasted 00:04:55 (1322 turns).

juanjsm the Sneak (Spriggan Enchanter)              Turns: 1322, Time: 00:04:56

Health: -2/16      AC:  3    Str:  4    XL:     3   Next: 80%
Magic:  1/8        EV: 18    Int: 17    God:
Gold:   50         SH:  4    Dex: 16    Spells: 3 memorised, 2 levels left

rFire  . . .     SeeInvis +     k - +1 dagger (freeze)
rCold  . . .     Gourm    .     b - +1 robe
rNeg   . . .     Faith    .     (shield restricted)
rPois  .         Spirit   .     (helmet restricted)
rElec  .         Dismiss  .     (no cloak)
rCorr  .         Reflect  +     (gloves unavailable)
SustAt .         Harm     .     (boots unavailable)
MR     .....                    j - +4 amulet of reflection
Stlth  +++++.....               a - ring of stealth
                                e - ring of flight

@: flying, very quick, not resistant to hostile enchantments, quite stealthy
A: unfitting armour, see invisible, herbivore 3, speed 3, slow metabolism 2
a: no special abilities


You were on level 2 of the Dungeon.
You were not hungry.

You visited 1 branch of the dungeon, and saw 3 of its levels.

You collected 50 gold pieces.

Inventory:

Hand Weapons
 k - a +1 dagger of freezing (weapon)
Armour
 b - a +1 robe (worn)
Jewellery
 a - a ring of stealth (right hand)
 e - a ring of flight (left hand)
 j - a +4 amulet of reflection (around neck)
Scrolls
 f - a scroll of remove curse {unknown}
 g - a scroll of blinking {unknown}
 h - a scroll of recharging {unknown}
Books
 c - a book of Maledictions

   Spells                             Type                      Level
   a - Corona                         Hexes                        1
   b - Ensorcelled Hibernation        Hexes/Ice                    2
   c - Confuse                        Hexes                        3
   d - Tukima's Dance                 Hexes                        3
   e - Dazzling Spray                 Conjuration/Hexes            3
Comestibles
 d - 2 bread rations


   Skills:
 + Level 0.1 Fighting
 + Level 1.2 Short Blades
 + Level 3.3 Dodging
 + Level 5.6 Stealth
 + Level 3.2 Spellcasting
 + Level 4.2 Hexes
 + Level 0.5 Ice Magic


You had 2 spell levels left.
You knew the following spells:

 Your Spells              Type           Power        Failure   Level  Hunger
a - Corona                Hex            ###....      2%          1    None
b - Ensorcelled Hibernat  Hex/Ice        ##....       12%         2    ##.....
c - Confuse               Hex            ###.....     10%         3    ###....


Dungeon Overview and Level Annotations

Branches:
Dungeon (3/15)

Altars:

Annotations:
D:2 Natasha


Innate Abilities, Weirdness & Mutations

You are tiny and cannot use many weapons and most armour.
You have supernaturally acute eyesight.
You are a herbivore.
You cover ground extremely quickly.
You need consume almost no food.


Message History

Aim: an adder (chance to defeat MR: 50%)
The adder resists with some effort.
The adder closely misses you.
Casting: Ensorcelled Hibernation
Confirm with . or Enter, or press ? or * to list all spells.
You don't have enough magic to cast that spell.
Unknown command.
You miss the adder. The ooze closely misses you.
The ball python closely misses you. The ball python completely misses you.
The adder misses you.
You barely miss the adder. The ball python barely misses you.
You block the ball python's attack. The ooze closely misses you.
The adder bites you.
* * * LOW HITPOINT WARNING * * *
You are too injured to fight recklessly!
Drink which item? (? for menu, Esc to quit)
It was a potion of flight.
You feel very buoyant.
You fly up into the air.
You block the ball python's attack. The ball python misses you.
The adder bites you.
You die...

#.....####### ##
#.........#####
.#########.............##
.......h.5.........###..#
#########.).....#######.#
##.....####P.##.#
#.....###†..##.#
#.....##JS.#.P.#
#.....#@SS..(K.#
#######PS..%..##
###...### #####


You could see an ooze, an adder, 3 ball pythons and a kobold.

Vanquished Creatures
  2 adders (D:2)
  A worm (D:2)
  A dart slug (D:1)
  A giant gecko (D:1)
  2 giant cockroaches
  5 goblins
  3 hobgoblins (D:1)
  A quokka (D:3)
  A ball python (D:2)
  10 bats
  3 giant newts
  6 kobolds
  4 rats
40 creatures vanquished.

Notes
Turn   | Place    | Note
--------------------------------------------------------------
     0 | D:1      | juanjsm the Spriggan Enchanter began the quest for the Orb.
     0 | D:1      | Reached XP level 1. HP: 9/9 MP: 5/5
   445 | D:1      | Reached XP level 2. HP: 12/13 MP: 4/6
   449 | D:1      | Learned a level 2 spell: Ensorcelled Hibernation
   736 | D:1      | Reached skill level 5 in Stealth
   930 | D:1      | Reached XP level 3. HP: 16/16 MP: 2/8
   935 | D:1      | Learned a level 3 spell: Confuse
  1251 | D:2      | Noticed Natasha
  1322 | D:2      | Slain by an adder

Skill      XL: |  1  2 |
---------------+-------+-----
Hexes          | 4 |  4.2
Stealth        | 5 |  5.6
Spellcasting   | 3 |  3.2
Fighting       | |  0.1
Short Blades   | |  1.2
Dodging        | |  3.3
Ice Magic      | |  0.5

Action                   || total
-------------------------++-------
Melee: Dagger            ||    94
 Cast: Corona            ||     8
       Ensorcelled Hiber ||    19
  Use: Potion            ||     1
 Stab: Sleeping          ||    29
Armor: Robe              ||    10
Dodge: Dodged            ||    72
Block: Other             ||     6
